AoeStats
← Calops

Arena

512790738Analyzed
2v2 RM · 6d ago on Oct 11, 2026· 37m 6s· 4 players
Game mode
Random Map
Map size
Medium (4 player)
Population
200
Speed
Normal
Resources
Standard
Victory
Conquest
Starting age
Dark Age
Ending age
Imperial Age
RankedLock teamsTeams togetherTeam positionsShared explorationLock speedFull tech treeHidden civsTurbo modeCheats
Victory
Defeat
🇨🇱 Burgundians · Chile
1156
+17
🇨🇱 Vikings · Chile
1092
+20
vs
🇧🇷 Persians · Brazil
1201
-19
🇧🇷 Britons · Brazil
1168
-18
Chaac97
10:20 Feudal Age
15:33 Castle Age
16:21 Wheelbarrow
16:18 Double-Bit Axe
16:15 Horse Collar
17:15 Loom
23:00 Scale Barding Armor
23:45 Forging
24:41 Chain Barding Armor
25:21 Bow Saw
25:23 Husbandry
26:55 Burgundian Vineyards
27:41 Hand Cart
27:12 Town Watch
27:36 Heavy Plow
29:43 Town Patrol
36:04 Fletching
36:49 Iron Casting
Perey
10:14 Feudal Age
11:30 Loom
15:15 Castle Age
13:47 Double-Bit Axe
14:24 Horse Collar
16:17 Bow Saw
17:39 Heavy Plow
18:21 Town Watch
19:21 Gold Mining
21:49 Town Patrol
21:45 Stone Mining
23:02 Scale Mail Armor
27:08 Imperial Age
25:14 Chain Mail Armor
27:05 Forging
28:03 Gold Shaft Mining
28:14 Squires
29:22 Plate Mail Armor
29:27 Iron Casting
29:07 Chieftains
30:13 Chemistry
28:53 Pikeman
30:22 Conscription
31:20 Coinage
33:23 Blast Furnace
35:25 Two-Man Saw
34:58 Banking
36:55 Siege Engineers
Calops
10:46 Feudal Age
BrUcToR
10:13 Feudal Age
14:05 Castle Age
12:48 Double-Bit Axe
13:19 Horse Collar
15:10 Loom
21:57 Bow Saw
21:47 Fletching
22:30 Heavy Plow
23:12 Wheelbarrow
28:51 Imperial Age
26:31 Scale Barding Armor
26:31 Husbandry
27:17 Forging
27:21 Bloodlines
27:06 Gold Mining
28:14 Chain Barding Armor
28:17 Hand Cart
29:00 Iron Casting
28:36 Cavalier
30:14 Gold Shaft Mining
31:09 Plate Barding Armor
32:54 Stone Mining
34:06 Bodkin Arrow
35:12 Blast Furnace
35:03 Stone Shaft Mining
34:49 Savar
Connection lost

Rejoining the realm…

Still unreachable

The connection could not be restored.

Session expired

The server has moved on; the page needs a fresh start.